 Dungeon Crawl Stone Soup version 0.22-a0-113-gdd6f4a9 (webtiles) character file.

483 Daviar the Firebug (level 6, -18/41 HPs)
             Began as a Demonspawn Fire Elementalist on Jan 28, 2018.
             Engulfed by a cloud of flame (24 damage)
             ... on level 3 of the Dungeon.
             The game lasted 00:12:34 (3616 turns).

Daviar the Firebug (Demonspawn Fire Elementalist)   Turns: 3616, Time: 00:12:35

Health: -18/41     AC:  4    Str:  8    XL:     6   Next: 88%
Magic:  0/12       EV: 12    Int: 21    God:
Gold:   171        SH:  0    Dex: 13    Spells: 0/13 levels left

rFire    . . .     SeeInvis .   j - staff of wizardry {Wiz, !a}
rCold    + . .     Gourm    .   (no shield)
rNeg     + . .     Faith    .   a - +1 robe
rPois    .         Spirit   +   (helmet restricted)
rElec    .         Reflect  .   y - +0 cloak
rCorr    .         Harm     .   (no gloves)
MR       .....                  (no boots)
Stlth    ++........             (no amulet)
HPRegen  0.13/turn              x - +2 ring of intelligence
MPRegen  0.26/turn              m - ring of positive energy

@: lethally poisoned (-18 -> -21)
A: antennae 1, cold resistance 1, magic shield, magic regeneration
a: no special abilities


You were on level 3 of the Dungeon.
You were not hungry.

You visited 1 branch of the dungeon, and saw 4 of its levels.

You collected 171 gold pieces.

Inventory:

Hand Weapons
 i - a +0 dagger
Armour
 a - a +1 robe (worn)
 y - a +0 cloak (worn)
Magical Staves
 j - an uncursed staff of wizardry (weapon) {Wiz, !a}
Jewellery
 m - a ring of positive energy (right hand)
 x - a +2 ring of intelligence (left hand)
Wands
 s - a wand of digging (1)
Scrolls
 d - a scroll of magic mapping {unknown}
 e - 5 scrolls of enchant armour
 g - a scroll of amnesia {unknown}
 h - 2 scrolls of fear {unknown}
 l - a scroll of enchant weapon {unknown}
 q - 2 scrolls of fog {unknown}
 r - a scroll of remove curse
 t - a scroll of teleportation
 v - a scroll of immolation {unknown}
Potions
 c - 3 potions of curing
 f - a potion of might
 k - a potion of resistance {unknown}
 n - a potion of agility {unknown}
 o - a potion of haste {unknown}
 w - a potion of mutation {unknown}
Books
 b - a book of Flames

   Spells                             Type                      Level
   a - Flame Tongue                   Conjuration/Fire             1
   b - Throw Flame                    Conjuration/Fire             2
   c - Conjure Flame                  Conjuration/Fire             3
   d - Inner Flame                    Hexes/Fire                   3
   e - Sticky Flame                   Conjuration/Fire             4
   f - Fireball                       Conjuration/Fire             5
 u - a book of Fire

   Spells                             Type                      Level
   a - Ignite Poison                  Fire/Transmutation/Poison    3
   b - Fireball                       Conjuration/Fire             5
   c - Bolt of Fire                   Conjuration/Fire             6
   d - Ring of Flames                 Charms/Fire                  7
   e - Ignition                       Fire                         8
Comestibles
 p - 7 rations
 z - a chunk of flesh


   Skills:
 - Level 1.7 Dodging
 - Level 1.7 Stealth
 + Level 4.2 Spellcasting
 + Level 4.1 Conjurations
 + Level 4.6 Fire Magic


You couldn't memorise any spells.
You knew the following spells:

 Your Spells              Type           Power        Failure   Level  Hunger
a - Flame Tongue          Conj/Fire      ###..        1%          1    None
b - Throw Flame           Conj/Fire      ###...       1%          2    #......
c - Sticky Flame          Conj/Fire      ###.....     8%          4    ####...
d - Inner Flame           Hex/Fire       ##......     6%          3    ###....
e - Conjure Flame         Conj/Fire      ###.....     2%          3    ###....


Dungeon Overview and Level Annotations

Branches:
Dungeon (4/15)
 Temple: D:4-7

Altars:
Trog
Uskayaw
Xom


Innate Abilities, Weirdness & Mutations

You have a pair of small antennae on your head.
Your flesh is cold resistant. (rC+)
When hurt, damage is shared between your health and your magic reserves.
You regenerate magic rapidly.


Message History

Casting: Inner Flame (safe; 6% risk of failure)
Confirm with . or Enter, or press ? or * to list all spells.
Okay, then.
You feel sick. The orc hits you with a flail.
You take 6 damage, and have 25/41 hp.
The orc closely misses you. The adder bites you but does no damage.
Casting: Inner Flame (safe; 6% risk of failure)
Confirm with . or Enter, or press ? or * to list all spells.
Aiming: Sticky Flame (safe; 8% risk of failure)
Press: ? - help, Shift-Dir - straight line, f - adder
Aim: an adder (severely wounded, inner flame)
The sticky flame hits the adder.
The adder explodes!
The fiery explosion engulfs the orc.
You kill the orc!
The fiery explosion engulfs you!
* * * LOW HITPOINT WARNING * * *
You are engulfed in blazing flames.
Ouch! That really hurt!
You die...

#.........##.###
#..............##
#......%........# ####
#.........≈≈..#.# ####...
#..........⌠≈.#.#######.....#
#..........≈≈................
#.###.....§§...#..###........
##.##......§§§#.##.........(..
#..##[.....§§@.....####......(
##.###.............## #..[....
#..###........#....# #.....<)
#.##............_..# #.....)[
#.#..........##...## #.......
###...#.#####......##
####....(.. #....#..#
######.## #..........
#.#.##.## #..# #.##.......
....##.# #..###.##.......


There were no monsters in sight!

Vanquished Creatures
  Sigmund (D:3)
  Purgy (D:3)
  Crazy Yiuf (D:3)
  Ijyb (D:3)
  Jessica (D:3)
  6 adders
  3 gnolls (D:3)
  2 oozes
  A dart slug (D:1)
  A leopard gecko (D:3)
  7 orcs
  4 giant cockroaches
  3 goblins (D:1)
  5 hobgoblins
  4 jackals
  A ball python (D:3)
  6 bats
  3 frilled lizards
  4 kobolds
  7 rats
62 creatures vanquished.

Notes
Turn   | Place    | Note
-------+----------+-------------------------------------------
     0 | D:1      | Daviar the Demonspawn Fire Elementalist began the quest for the Orb.
     0 | D:1      | Reached XP level 1. HP: 13/13 MP: 3/3
   300 | D:1      | Gained mutation: When hurt, damage is shared between your health and your magic reserves. [demonic ancestry]
   300 | D:1      | Reached XP level 2. HP: 11/19 MP: 3/5
   820 | D:1      | Learned a level 2 spell: Throw Flame
  1077 | D:2      | Found a hide-covered altar of Uskayaw.
  1084 | D:2      | Noticed a dagger
  1085 | D:2      | Noticed a dagger
  1106 | D:2      | Gained mutation: Your flesh is cold resistant. (rC+) [demonic ancestry]
  1106 | D:2      | Reached XP level 3. HP: 24/24 MP: 0/6
  1823 | D:2      | Learned a level 3 spell: Conjure Flame
  1887 | D:3      | Found a bloodstained altar of Trog.
  1888 | D:3      | Noticed Purgy
  1891 | D:3      | Gained mutation: You regenerate magic rapidly. [demonic ancestry]
  1891 | D:3      | Reached XP level 4. HP: 24/30 MP: 2/8
  1964 | D:3      | Noticed Sigmund
  1964 | D:3      | Noticed Ijyb
  2455 | D:2      | Learned a level 3 spell: Inner Flame
  2604 | D:3      | Noticed Jessica
  2608 | D:3      | Killed Jessica
  2700 | D:3      | Gained mutation: You have a pair of small antennae on your head. [demonic ancestry]
  2700 | D:3      | Reached XP level 5. HP: 27/35 MP: 3/9
  2735 | D:3      | Killed Ijyb
  2845 | D:3      | Killed Purgy
  3158 | D:3      | Killed Sigmund
  3158 | D:3      | Reached XP level 6. HP: 41/41 MP: 3/12
  3281 | D:3      | Found a runed door.
  3419 | D:3      | Found a shimmering altar of Xom.
  3563 | D:3      | Noticed Crazy Yiuf
  3567 | D:3      | Killed Crazy Yiuf
  3606 | D:3      | Learned a level 4 spell: Sticky Flame
  3616 | D:3      | Engulfed by a cloud of flame

Vault maps used:
D:1:      lightli_arrival_quake, minmay_misc_feat_five, minmay_distorted
D:2:      dancing_weapons_uskayaw, first_ration
D:3:      bloody_trog, portal_sewer_entry_d, corexii_leaking_fountain, tgw_xom,
          uniq_sigmund, uniq_ijyb, uniq_jessica, uniq_crazy_yiuf_cottage,
          uniq_purgy
D:4:      uniq_eustachio

Skill      XL: |  1  2  3  4  5 |
---------------+----------------+-----
Fire Magic     | 3 4 |  4.6
Conjurations   | 2 4 |  4.1
Spellcasting   | 3 4 |  4.2
Dodging        | |  1.7
Stealth        | |  1.7

Action                   |  1- 3 |  4- 6 || total
-------------------------+-------+-------++-------
Melee: Unarmed           |    13 |       ||    13
       Dagger            |    32 |    20 ||    52
 Cast: Flame Tongue      |    60 |    80 ||   140
       Throw Flame       |       |     2 ||     2
       Sticky Flame      |       |     1 ||     1
       Inner Flame       |       |     1 ||     1
  Use: Scroll            |       |     3 ||     3
       Potion            |       |     3 ||     3
 Stab: Sleeping          |     1 |       ||     1
  Eat: Chunk             |     4 |     5 ||     9
Armor: Robe              |    22 |    28 ||    50
Dodge: Dodged            |    66 |    69 ||   135

Table legend:
 A = Spawn XP
 B = Non-spawn XP
 C = Spawn XP percentage of total XP
 D = Spawn monster count
 E = Non-spawn monster count
 F = Spawn count percentage of total count
 G = Total turns spent on level
                    A         B        C        D         E        F      G
               +---------+---------+-------+---------+---------+-------+---------
         Total |       0 |     691 |   0.0 |       0 |      62 |   0.0 |  3616
               +---------+---------+-------+---------+---------+-------+---------
           D:1 |       0 |      33 |   0.0 |       0 |      18 |   0.0 |  1058
           D:2 |       0 |      48 |   0.0 |       0 |      13 |   0.0 |  1349
           D:3 |       0 |     609 |   0.0 |       0 |      30 |   0.0 |  1138
           D:4 |       0 |       1 |   0.0 |       0 |       1 |   0.0 |    71
               +---------+---------+-------+---------+---------+-------+---------
